 Dungeon Crawl Stone Soup version 0.30-a0-956-gcec3b41aec (webtiles) character file.

Game seed: 8509850485641361788

14277 themarg the Summoner (level 12, 0/95 HPs)
             Began as a Merfolk Summoner on Mar 29, 2023.
             Was an Initiate of Gozag.
             Hit by a large rock thrown by a cyclops (36 damage)
             ... on level 7 of the Dungeon.
             The game lasted 00:59:21 (15838 turns).

themarg the Summoner (Merfolk Summoner)            Turns: 15838, Time: 00:59:22

Health: 0/95       AC: 13    Str:  9    XL:     12   Next: 14%
Magic:  3/19       EV: 14    Int: 19    God:    Gozag
Gold:   2355       SH:  0    Dex: 14    Spells: 11/21 levels left

rFire   + . .      SeeInvis .    G - +0 trident
rCold   + . .      Faith    .    (no shield)
rNeg    . . .      Spirit   .    r - +1 ring mail {rC+}
rPois   .          Reflect  .    L - +0 helmet
rElec   .          Rampage  .    g - +0 cloak
rCorr   .                        W - +0 pair of gloves
Will    .....                    (no boots)
Stlth   ++                       l - amulet of regeneration
HPRegen 1.15/turn                c - +4 ring of protection
MPRegen 0.16/turn                S - ring of protection from fire

@: about to teleport, gold aura
A: (nimble swimmer 2), mertail
a: Renounce Religion, Potion Petition, Call Merchant, Bribe Branch


You were on level 7 of the Dungeon.
You worshipped Gozag.
Gozag was most pleased with you.
You visited 1 branch of the dungeon, and saw 11 of its levels.
You also visited: Sewer and Ossuary.

You collected 2649 gold pieces.
You paid 294 gold pieces to Gozag.

Inventory:

Hand Weapons
 G - a +0 trident (weapon)
 J - a +1 vampiric spear
 Q - the +4 morningstar of Xaexav {holy, Str+2 Int+4}
   (You found it on level 7 of the Dungeon)

   Str:       It affects your strength (+2).
   Int:       It affects your intelligence (+4).
Missiles
 B - 4 curare-tipped darts
 D - 3 poisoned darts (quivered)
 N - 8 boomerangs
 P - 3 javelins
 U - 4 throwing nets
 X - 3 silver boomerangs
Armour
 g - a +0 cloak (worn)
 r - a +1 ring mail of cold resistance (worn)
 L - a +0 helmet (worn)
 W - a +0 pair of gloves (worn)
Jewellery
 c - a +4 ring of protection (left hand)
 f - a +4 ring of protection
 l - an amulet of regeneration (around neck)
 K - an amulet of magic regeneration
 S - a ring of protection from fire (right hand)
 Z - a +5 ring of evasion
Wands
 e - a wand of flame (22)
 y - a wand of charming (1)
 A - a wand of digging (1)
 Y - a wand of roots (8)
Scrolls
 b - a scroll of blinking {unknown}
 d - 5 scrolls of enchant weapon
 h - 2 scrolls of enchant armour {unknown}
 k - 3 scrolls of immolation
 n - 2 scrolls of brand weapon {unknown}
 q - 2 scrolls of poison {unknown}
 s - 3 scrolls of fear
 u - 2 scrolls of amnesia {unknown}
 x - 4 scrolls of fog
 z - a scroll of acquirement {unknown}
 E - 6 scrolls of teleportation
 H - a scroll of vulnerability {unknown}
 M - 3 scrolls of magic mapping {unknown}
 O - a scroll of torment {unknown}
Potions
 i - 2 potions of cancellation
 j - 3 potions of attraction
 m - 6 potions of curing
 o - 2 potions of haste
 p - 2 potions of ambrosia
 t - 5 potions of flight
 v - a potion of might {unknown}
 w - 6 potions of heal wounds
 C - 2 potions of brilliance {unknown}
 F - 3 potions of berserk rage
 I - 4 potions of lignification
 R - 2 potions of degeneration {unknown}
 T - 2 potions of resistance {unknown}
 V - 2 potions of mutation {unknown}


   Skills:
 + Level 9.2 Fighting
 - Level 8.0 Polearms
 - Level 2.0 Throwing
 - Level 10.0 Dodging
 - Level 3.0 Stealth
 - Level 5.0 Spellcasting
 - Level 12.0 Summonings
 + Level 4.3 Air Magic
 - Level 5.0 Evocations


You had 11 spell levels left.
You knew the following spells:

 Your Spells              Type           Power      Damage    Failure   Level
a - Summon Small Mammal   Summ           100%       N/A       1%          1
b - Call Imp              Summ           50%        N/A       1%          2
c - Call Canine Familiar  Summ           50%        N/A       1%          3
d - Summon Lightning Spi  Summ/Air       35%        N/A       12%         4

Your spell library contained the following spells:

 Spells                   Type           Power      Damage    Failure   Level
 Summon Guardian Golem    Hex/Summ       27%        N/A       9%          3
 Freeze                   Ice            16%        1d4       34%         1
 Ensorcelled Hibernation  Hex/Ice        8%         N/A       45%         2
 Sublimation of Blood     Necr           4%         N/A       45%         2
 Frozen Ramparts          Ice            8%         1d2       71%         3
 Hailstorm                Conj/Ice       4%         3d4       71%         3
 Passage of Golubria      Tloc           4%         N/A       98%         4
 Petrify                  Tmut/Erth      4%         N/A       98%         4
 Silence                  Hex/Air        6%         N/A       99%         5
 Irradiate                Conj/Tmut      2%         3d12      100%        5
 Borgnjor's Revivificati  Necr           2%         N/A       100%        8
 Infestation              Necr           2%         N/A       100%        8
 Lehudib's Crystal Spear  Conj/Erth      2%         10d2      100%        8


Dungeon Overview and Level Annotations

Branches:
Dungeon (11/15)            Temple (0/1) D:7            Lair (0/5) D:8
    Orc (0/2) D:10          Sewer (visited)         Ossuary (visited)

Altars:
Ashenzari
Gozag
Hepliaklqana
Makhleb
Qazlal
Ru
Trog
Uskayaw
Vehumet
Xom
Zin
The Shining One


Innate Abilities, Weirdness & Mutations

((You are very nimble when in or above water. (Stealth+, EV+, Speed+++)))
Your lower body shifts to a powerful aquatic tail in water.


Message History

Your wolf bites the cyclops.
The cyclops hits your wolf!!
The vampire mosquito buzzes angrily.
You barely miss the vampire mosquito.
The vampire mosquito is no longer distracted by gold.
The vampire mosquito is moderately damaged.
The vampire mosquito bites you but does no damage.
Your wolf bites the cyclops.
The vampire mosquito bites you.
The vampire mosquito draws strength from your injuries!
Your wolf bites the cyclops.
You hit the vampire mosquito but do no damage.
The vampire mosquito bites you!
The vampire mosquito draws strength from your injuries!
The cyclops hits your wolf!
Your wolf dies!
Your wolf's corpse disappears in a puff of smoke!
The vampire mosquito barely misses you.
The cyclops shouts!
The vampire mosquito bites you but does no damage.
The cyclops hits your wolf!!
Your wolf dies!
Your wolf's corpse disappears in a puff of smoke!
The vampire mosquito misses you.
The vampire mosquito completely misses you.
Reach: G) +0 trident
Press: ? - help, Dir - move target, f - cyclops
Aim: a cyclops, quivering large rocks (severely wounded, ally target, about 12% to evade your +0 trident)
You reach to attack!
You hit the cyclops but do no damage.
The cyclops is severely wounded.
The vampire mosquito bites you but does no damage. x2
The cyclops hits your wolf!!
Your wolf dies!
Your wolf's corpse disappears in a puff of smoke!
As you read the scroll of teleportation, it crumbles to dust.
You feel strangely unstable.
The vampire mosquito completely misses you.
The vampire mosquito bites you.
The vampire mosquito draws strength from your injuries!
The cyclops throws a large rock.
The large rock hits you!!!
You die...
Your body crumbles into a pile of gold.

.#.##.####..#..####..##..#
#.#.####..#.###..####.#..#
..####.##.##..###..##.#..#
####..r...####..###..##..#
##.######.#..###..#####..#
..........#.#....## ###..#
##.######.#.##.####..##..#
5###......#..####yY#.##..#
...###.##h#####ยง@###.##.##
##...###..###hC###?#.##.#
#5#...###...###}....##.#
##...#...####..###$#.##.#
......##....###..###.##.#
......#.....))###..#.##.##
............#...###..##..#
#######.....##....#####..#
########)).........#


You could see a cyclops, a yak, a vampire mosquito and a howler monkey.

Vanquished Creatures
  A two-headed ogre (D:11)
  An ugly thing (D:7)
  A vampire mosquito (D:11)
  A black bear (D:4)
  A sky beast (D:7)
  A centaur (D:10)
  A lemure (D:9)
  A troll zombie (D:10)
  3 killer bees (D:10)
  A centaur zombie (Ossuary)
  3 bullfrog zombies (Ossuary)
  A killer bee zombie (Ossuary)
  2 ogre zombies (D:10)
  4 gnolls
  2 adders
  2 river rats (Sewer)
  An ufetubus (D:6)
  A worm (D:2)
  2 dart slugs
  3 ball pythons
  2 giant cockroaches
  5 goblins
  2 hobgoblins
  A quokka (D:1)
  3 kobolds
  A kobold zombie (D:7)
  3 rats
50 creatures vanquished.

Vanquished Creatures (collateral kills)
  Harold (D:9)
  Pikel (D:9)
  2 cyclopes
  Maurice (D:9)
  A rime drake (D:11)
  Maggie (D:6)
  A troll (D:9)
  3 polar bears (D:11)
  Prince Ribbit (D:5)
  2 wraiths (D:11)
  A vampire (D:9)
  3 shadows
  12 yaks
  3 vampire mosquitoes
  Edmund (D:5)
  2 wargs (D:8)
  A two-headed ogre zombie (D:10)
  2 water moccasins
  An acid dragon (D:7)
  4 orc warriors
  An ice beast (D:8)
  A sky beast (D:6)
  2 black bears
  A hornet zombie (Ossuary)
  5 ogres
  2 centaurs
  2 wolves (D:11)
  3 lemures (D:9)
  A phantom (D:10)
  A nameless horror (D:6)
  5 kobold brigands
  4 scorpions
  3 wyvern zombies (Ossuary)
  4 bullfrogs
  A gnoll sergeant (D:7)
  6 wights
  4 killer bees (D:10)
  4 howler monkeys
  3 bullfrog zombies (Ossuary)
  3 hounds
  3 jellies
  9 centaur zombies (Ossuary)
  2 gnoll boudas
  9 orc priests
  3 iron imps (D:3)
  2 sleepcaps
  8 orc wizards
  3 iguanas
  A killer bee zombie (Ossuary)
  4 ogre zombies (D:10)
  10 mummies
  2 howler monkey zombies (Ossuary)
  4 adders
  16 gnolls
  3 river rats
  2 white imps
  3 worms
  A dart slug (D:5)
  21 orcs
  6 bats
  9 endoplasms
  4 giant cockroaches
  2 goblins
  4 hobgoblins
  3 quokkas
  8 ball pythons
  2 frilled lizards
  A goblin skeleton (D:10)
  4 goblin zombies (D:10)
  3 hobgoblin skeletons (D:10)
  2 hobgoblin zombies
  15 kobolds
  3 orc skeletons (D:10)
  13 orc zombies (D:10)
  10 rats
295 creatures vanquished.

Vanquished Creatures (others)
  8 fungi (D:6)
  6 withered plants (Ossuary)
14 creatures vanquished.

Grand Total: 359 creatures vanquished

Notes
Turn   | Place    | Note
-------+----------+-------------------------------------------
     0 | D:1      | themarg the Merfolk Summoner began the quest for the Orb.
     0 | D:1      | Reached XP level 1. HP: 13/13 MP: 3/3
   294 | D:1      | Reached XP level 2. HP: 19/19 MP: 1/5
   369 | D:1      | Learned a level 2 spell: Call Imp
   591 | D:1      | Reached XP level 3. HP: 24/24 MP: 6/6
   595 | D:1      | Learned a level 3 spell: Call Canine Familiar
  1229 | D:2      | Found a burning altar of Makhleb.
  1235 | D:2      | Reached skill level 5 in Summonings
  1682 | D:2      | Reached XP level 4. HP: 30/30 MP: 0/7
  2401 | D:3      | Found an opulent altar of Gozag.
  2422 | D:3      | Became a worshipper of Gozag Ym Sagoz the Greedy
  2508 | D:3      | Found a glowing silver altar of Zin.
  2674 | D:3      | Found a burning altar of Makhleb.
  2693 | D:3      | Reached XP level 5. HP: 35/35 MP: 3/8
  2697 | D:3      | Reached skill level 6 in Summonings
  3105 | D:4      | Noticed a black bear
  3134 | D:4      | Killed a black bear
  3135 | D:4      | Reached skill level 7 in Summonings
  3135 | D:4      | Reached XP level 6. HP: 26/41 MP: 0/9
  3353 | D:4      | Found a glowing drain.
  3357 | Sewer    | Entered a sewer
  3896 | Sewer    | Reached skill level 1 in Air Magic
  3961 | Sewer    | Reached XP level 7. HP: 46/46 MP: 4/10
  4109 | Sewer    | Reached skill level 8 in Summonings
  4907 | D:4      | Found a radiant altar of Vehumet.
  4909 | D:4      | Found a hazy altar of Hepliaklqana.
  4910 | D:4      | Found a glowing golden altar of the Shining One.
  5857 | D:4      | Reached XP level 8. HP: 50/52 MP: 2/11
  6060 | D:5      | Entered Level 5 of the Dungeon
  6104 | D:5      | Noticed Edmund
  6121 | D:4      | Reached skill level 9 in Summonings
  6599 | D:5      | Killed Edmund
  6653 | D:5      | Reached skill level 10 in Summonings
  6688 | D:5      | Reached skill level 1 in Fighting
  6790 | D:5      | Noticed Prince Ribbit
  6811 | D:5      | Killed Prince Ribbit
  6812 | D:5      | Reached skill level 5 in Dodging
  6812 | D:5      | Reached XP level 9. HP: 39/64 MP: 1/12
  7139 | D:5      | Found a bloodstained altar of Trog.
  7233 | D:5      | Reached skill level 5 in Fighting
  7739 | D:6      | Found a shimmering altar of Xom.
  7847 | D:6      | Found a sacrificial altar of Ru.
  7877 | D:6      | Learned a level 4 spell: Summon Lightning Spire
  8015 | D:6      | Reached skill level 1 in Evocations
  8324 | D:6      | Noticed Maggie
  8341 | D:6      | Killed Maggie
  8914 | D:7      | Found a staircase to the Ecumenical Temple.
  8972 | D:7      | Reached skill level 5 in Evocations
  9126 | D:7      | Identified the +4 morningstar of Xaexav {holy, Str+2 Int+4}
  9132 | D:7      | Reached XP level 10. HP: 74/74 MP: 4/14
  9160 | D:7      | Found a sand-covered staircase.
  9169 | Ossuary  | Entered an ossuary
 10457 | D:7      | Found a runed translucent door.
 10457 | D:7      | Found a runed translucent door.
 10674 | D:8      | Found a staircase to the Lair.
 10682 | D:8      | Reached skill level 5 in Spellcasting
 10869 | D:8      | You fall into a shaft and drop 2 floors!
 10869 | D:10     | Entered Level 10 of the Dungeon
 10886 | D:9      | Noticed Pikel
 10907 | D:9      | Killed Pikel
 11062 | D:9      | Reached skill level 11 in Summonings
 11267 | D:9      | Noticed Maurice
 11277 | D:9      | Killed Maurice
 11503 | D:8      | Reached XP level 11. HP: 57/83 MP: 15/18
 11644 | D:8      | Identified the +2 hand axe of Fragile Peace {flame, rC+
                  | rCorr Str+3}
 11676 | D:8      | Reached skill level 12 in Summonings
 11676 | D:8      | Reached skill level 1 in Polearms
 12385 | D:9      | Found a stormy altar of Qazlal.
 12409 | D:9      | Noticed Harold
 12429 | D:9      | Killed Harold
 13207 | D:10     | Noticed a +0 short sword
 13207 | D:10     | Noticed a +0 falchion
 13208 | D:10     | Noticed a +0 short sword
 13208 | D:10     | Noticed a +0 falchion
 13208 | D:10     | Noticed a +0 spear
 13208 | D:10     | Noticed a +0 spear
 13209 | D:10     | Noticed a +0 dagger
 13224 | D:10     | Found a hide-covered altar of Uskayaw.
 13224 | D:10     | Noticed a +0 dagger
 13705 | D:10     | Found a staircase to the Orcish Mines.
 13784 | D:10     | Reached skill level 1 in Throwing
 14051 | D:11     | Noticed a two-headed ogre
 14111 | D:11     | Noticed a cyclops
 14173 | D:11     | Got the Compendium of Shadowy Ensorcelling
 14234 | D:11     | Found a frozen archway.
 14505 | D:11     | Killed a two-headed ogre
 14907 | D:11     | Found a broken altar of Ashenzari.
 15040 | D:11     | Killed a cyclops
 15041 | D:11     | Reached XP level 12. HP: 69/94 MP: 10/19
 15830 | D:7      | Reached skill level 10 in Dodging
 15838 | D:7      | Hit by a large rock thrown by a cyclops

Illustrated notes

Levels and vault maps discovered:
D:1:      minmay_arrival_split_and_join, layout_basic, amethyst_killhole,
          minmay_hedge_maze, chequers_decorated_corner, skrybe_limestone_x
D:2:      layout_rooms, basic_altar
D:3:      layout_basic, pdpol_temple_overflow_zin_treasury_gozag_greed,
          demons_altar, guppyfry_early_lair_pool
D:4:      layout_basic, grunt_temple_overflow_open, gup_sewer_entry_bowl
D:5:      layout_rooms, lightli_temple_of_fire, uniq_edmund, uniq_prince_ribbit1
D:6:      layout_basic, mainiacjoe_overflow_surrounded_room,
          mainiacjoe_overflow_cross_hatched, uniq_maggie
D:7:      minmay_the_grid_triangle_9x9_rhombus_full
          [minmay_the_grid_triangle_9x9_flanged_cone,
          minmay_the_grid_triangle_9x9_tough_junction,
          minmay_the_grid_triangle_9x9_limited_checkers,
          minmay_the_grid_triangle_9x9_corrupted_corridor,
          minmay_the_grid_triangle_9x9_corruption,
          minmay_the_grid_triangle_9x9_from_above,
          minmay_the_grid_triangle_9x9_longest,
          minmay_the_grid_triangle_9x9_prize_top_heavy], layout_rooms,
          minmay_temple_entry_stoned_glass, nicolae_ossuary_entry_giza
D:8:      layout_basic, erik_lair_orcish_takeover, serial_glass,
          glass_columns_a, glass_columns_a
D:9:      layout_irregular_city, grunt_qazlal_clouds, uniq_pikel, uniq_harold,
          uniq_maurice
D:10:     layout_basic, nicolae_uskayaw_en_pointe, zombieorc2_lemuel
D:11:     layout_cave_pools, portal_ice_cave_entry_animals_and_master,
          ashenzari_conservatory_becter

Skill      XL: |  1  2  3  4  5  6  7  8  9 10 11 12 |
---------------+-------------------------------------+-----
Stealth        | 3 |  3.0
Summonings     | 5 7 8 10 11 12 | 12.0
Air Magic      | 1 3 4 |  4.3
Dodging        | 5 7 9 10 | 10.0
Fighting       | 3 5 7 8 9 |  9.2
Spellcasting   | 3 5 |  5.0
Evocations     | 5 |  5.0
Polearms       | 8 |  8.0
Throwing       | 2 |  2.0

Action                     |  1- 3 |  4- 6 |  7- 9 | 10-12 || total
---------------------------+-------+-------+-------+-------++-------
  Melee: Dagger            |    50 |    39 |    42 |       ||   131
         Punch             |       |     1 |     2 |     5 ||     8
         Tailslap          |       |     1 |     5 |       ||     6
         Spear             |       |       |    25 |       ||    25
         Trident           |       |       |    70 |   308 ||   378
  Throw: Dart              |       |       |       |     5 ||     5
   Cast: Summon Small Mamm |    37 |     8 |    59 |    24 ||   128
         Call Imp          |    17 |    16 |    51 |    24 ||   108
         Call Canine Famil |     4 |    26 |    50 |    63 ||   143
         Summon Lightning  |       |       |    12 |    59 ||    71
 Invoke: Potion Petition   |       |       |       |     1 ||     1
  Evoke: Wand              |       |       |     1 |     8 ||     9
    Use: Scroll            |       |     4 |     2 |     9 ||    15
         Potion            |       |       |     3 |     2 ||     5
   Stab: Distracted        |     3 |       |     5 |     8 ||    16
         Sleeping          |       |       |     1 |       ||     1
 Armour: Robe              |    24 |     9 |    27 |    70 ||   130
         Ring mail         |       |       |       |     8 ||     8
  Dodge: Dodged            |    33 |    31 |    80 |   219 ||   363

Table legend: (Time is in decaauts)
 A = Elapsed time spent in this place.
 B = Non-inter-level travel time spent in this place.
 C = Inter-level travel time spent in this place.
 D = Time resting spent in this place.
 E = Time spent auto-exploring this place.
 F = Levels seen in this place.
 G = Mean time per level.
                   A        B        C        D        E       F      G
               +--------+--------+--------+--------+--------+-----+--------+
         Total |  15735 |  15202 |    533 |   1525 |   9476 |  13 | 1210.4 |
       Dungeon |  13632 |  13099 |    533 |   1122 |   8652 |  11 | 1239.3 |
         Sewer |   1328 |   1328 |      0 |    275 |    532 |   1 | 1328.0 |
       Ossuary |    774 |    774 |      0 |    128 |    290 |   1 |  774.0 |
               +--------+--------+--------+--------+--------+-----+--------+

Top non-repeatable levels by time:
     D:4: 1819 daAuts
     D:6: 1419 daAuts
   Sewer: 1328 daAuts
     D:7: 1281 daAuts
     D:3: 1258 daAuts
     D:8: 1251 daAuts
    D:10: 1249 daAuts
    D:11: 1244 daAuts
     D:9: 1165 daAuts
     D:5: 1037 daAuts
     D:1: 1027 daAuts
     D:2: 878 daAuts
 Ossuary: 774 daAuts
